 Dungeon Crawl Stone Soup version 0.21-a0-615-g8e08f28 (webtiles) character file.

8611 Firecrotchwizard the Spear-Bearer (level 11, -4/89 HPs)
             Began as a Merfolk Berserker on Dec 23, 2017.
             Was an Elder of Trog.
             Slain by a two-headed ogre
             ... wielding a +0 giant spiked club
              (21 damage)
             ... on level 9 of the Dungeon.
             The game lasted 00:23:26 (9054 turns).

Firecrotchwizard the Spear-Bearer (MfBe)            Turns: 9054, Time: 00:23:27

Health: -4/89      AC: 19    Str: 22    XL:     11   Next: 33%
Magic:  11/11      EV: 19    Int:  7    God:    Trog [****..]
Gold:   615        SH:  6    Dex: 22    Spells: 10/10 levels left

rFire    + + .     SeeInvis .   D - +1 spear of Meoxaps {pierce, rF+ Str+4 Dex+4}
rCold    . . .     Gourm    .   k - +0 buckler
rNeg     + . .     Faith    .   z - +4 scale mail of Dyspraxia {-Cast rF+ MR+ Dex+2}
rPois    .         Spirit   .   n - +2 helmet
rElec    .         Reflect  .   (no cloak)
rCorr    .         Harm     .   G - +0 pair of gloves
MR       +....     NoCast   +   i - +2 pair of boots
Stlth    ..........             (no amulet)
HPRegen  0.24/turn              (no ring)
MPRegen  0.12/turn              C - ring of positive energy {rN+}

@: no status effects
A: change form in water, swift swim, stealthy swim
a: Berserk, Trog's Hand, Brothers in Arms, Burn Spellbooks, Renounce Religion


You were on level 9 of the Dungeon.
You worshipped Trog.
Trog was greatly pleased with you.
You were not hungry.

You visited 1 branch of the dungeon, and saw 10 of its levels.
You also visited: Sewer.

You collected 615 gold pieces.

Inventory:

Hand Weapons
 a - a +1 spear
 t - a +0 halberd
   (You found it on level 3 of the Dungeon)
 y - a +0 trident
   (You took it off an orc on level 5 of the Dungeon)
 D - the +1 spear of Meoxaps (weapon) {pierce, rF+ Str+4 Dex+4}
   (You found it on level 7 of the Dungeon)

   It inflicts extra damage upon your enemies.
   It affects your strength (+4).
   It affects your dexterity (+4).
   It protects you from fire.
Missiles
 s - a tomahawk of returning (quivered)
 u - 7 curare-tipped needles
 F - 2 throwing nets {=f, !d}
Armour
 i - a +2 pair of boots (worn)
   (You found it on level 1 of the Dungeon)
 k - a +0 buckler (worn)
   (You found it in a sewer)
 n - a +2 helmet (worn)
   (You took it off Robin on level 2 of the Dungeon)
 z - the +4 scale mail of Dyspraxia (worn) {-Cast rF+ MR+ Dex+2}
   (You found it on level 6 of the Dungeon)

   It affects your dexterity (+2).
   It protects you from fire.
   It affects your resistance to hostile enchantments.
   It prevents spellcasting.
 G - a +0 pair of gloves (worn)
   (You found it on level 7 of the Dungeon)
 H - +0 steam dragon scales
   (You found it on level 9 of the Dungeon)
Jewellery
 w - an uncursed ring of wizardry {Wiz+, !d}
   (You found it on level 5 of the Dungeon)
 C - a ring of positive energy (right hand) {rN+}
   (You found it on level 7 of the Dungeon)
Wands
 o - a wand of random effects (13)
   (You took it off Robin on level 2 of the Dungeon)
 B - a wand of flame (46)
   (You found it on level 7 of the Dungeon)
 I - a wand of enslavement (14)
   (You took it off Joseph on level 9 of the Dungeon)
Scrolls
 b - 5 scrolls of identify
 d - a scroll of fear
 f - 4 scrolls of magic mapping {!r}
 m - a scroll of blinking {!r}
 r - 2 scrolls of fog
 x - 2 scrolls of remove curse
 A - a scroll of enchant weapon
Potions
 e - 2 potions of magic
 g - 5 potions of heal wounds
 h - 7 potions of curing
 j - 2 potions of mutation {!q}
 l - a potion of agility {unknown}
 p - 2 potions of invisibility
 q - 3 potions of might
 v - 3 potions of flight
 J - a potion of haste {unknown}
 K - a potion of lignification {!q}
Comestibles
 c - 18 rations {@e1}
 E - 11 chunks of flesh {@w0}


   Skills:
 + Level 9.2 Fighting
 - Level 14.1 Polearms
 + Level 6.1 Armour
 + Level 10.5 Dodging
 - Level 4.0 Shields


You had 10 spell levels left.
You didn't know any spells.

Dungeon Overview and Level Annotations

Branches:
Dungeon (10/15)            Temple (0/1) D:6
   Lair: D:8-11         Orc: D:9-12

Altars:
Dithmenos
Elyvilon
Gozag
Hepliaklqana
Makhleb
Nemelex Xobeh
Sif Muna
Xom
Yredelemnul
Zin
The Shining One


Message History

You hit the gargoyle but do no damage. The gargoyle completely misses you.
You hit the gargoyle but do no damage. You hit the gargoyle but do no damage.
The gargoyle hurls a stone arrow at you.
The stone arrow hits you!
You take 12 damage, and have 71/89 hp.
Your scale mail of Dyspraxia prevents you from hitting the gargoyle.
You hit the gargoyle. You block the gargoyle's attack.
You hit the gargoyle but do no damage. You hit the gargoyle but do no damage.
The gargoyle hurls a stone arrow at you.
The stone arrow misses you.
You barely miss the gargoyle. You completely miss the gargoyle.
The gargoyle misses you.
You hit the gargoyle but do no damage. You hit the gargoyle but do no damage.
You block the gargoyle's attack.
You hit the gargoyle but do no damage. You hit the gargoyle.
You hit the gargoyle but do no damage. The gargoyle misses you.
You hit the gargoyle but do no damage. You hit the gargoyle.
The gargoyle hurls a stone arrow at you.
You block the stone arrow.
You hit the gargoyle but do no damage. You hit the gargoyle but do no damage.
The gargoyle closely misses you.
You puncture the gargoyle!
You destroy the gargoyle!
Trog accepts your kill.
No target in view!
You start resting.
A centaur comes into view.
You regained 4 hp, and now have 77/89 hp.
As you read the scroll of remove curse, it crumbles to dust.
You feel as if something is helping you.
The centaur shouts!
You hear two shouts!
The centaur wields a shortbow.
The centaur shoots an arrow.
You block the arrow.
Drop what? 38/52 slots (_ for help) (? for menu, Esc to quit)
You remove your -3 ring of intelligence.
You feel clever.
The centaur shoots an arrow.
The arrow closely misses you.
You drop a -3 ring of intelligence.
The centaur shoots an arrow.
The arrow closely misses you.
Aim: a two-headed ogre, wielding two giant spiked clubs You throw a tomahawk of returning.
The tomahawk of returning barely misses the two-headed ogre.
The tomahawk of returning fails to return to your pack!
The centaur shoots an arrow.
The arrow closely misses you.
The centaur shoots an arrow.
The arrow hits you.
A hound skeleton comes into view.
You take 3 damage, and have 74/89 hp.
You see here a dire flail.
The centaur shoots an arrow.
The arrow closely misses you.
You see here an arrow.
The centaur shoots an arrow.
The arrow completely misses you.
You see here an arrow.
The centaur shoots an arrow.
The arrow misses you.
There is a stone staircase leading up here.
You see here an arrow.
The centaur shoots an arrow.
The arrow misses you.
The centaur shoots an arrow.
The arrow barely misses you.
The two-headed ogre hits you with a giant spiked club!
The two-headed ogre completely misses you.
You climb upwards.
There is a stone staircase leading down here.
You take 16 damage, and have 61/89 hp.
You hit the two-headed ogre.
You hit the two-headed ogre but do no damage.
The two-headed ogre completely misses you.
The two-headed ogre hits you but does no damage.
You hit the two-headed ogre.
You hit the two-headed ogre but do no damage.
Your scale mail of Dyspraxia prevents you from hitting the two-headed ogre.
The two-headed ogre hits you with a giant spiked club!
The two-headed ogre hits you but does no damage.
You take 16 damage, and have 46/89 hp.
You hit the two-headed ogre. You barely miss the two-headed ogre.
You hit the two-headed ogre. You block the two-headed ogre's attack.
The two-headed ogre misses you.
You barely miss the two-headed ogre. You hit the two-headed ogre.
You hit the two-headed ogre. The two-headed ogre misses you.
The two-headed ogre hits you with a giant spiked club!!
You take 17 damage, and have 29/89 hp.
You barely miss the two-headed ogre. You barely miss the two-headed ogre.
You barely miss the two-headed ogre. You block the two-headed ogre's attack.
The two-headed ogre hits you with a giant spiked club!
* * * LOW HITPOINT WARNING * * *
You take 13 damage, and have 16/89 hp.
You hit the two-headed ogre but do no damage.
You hit the two-headed ogre.
The two-headed ogre completely misses you.
The two-headed ogre barely misses you.
You hit the two-headed ogre but do no damage.
You hit the two-headed ogre.
You hit the two-headed ogre but do no damage.
The two-headed ogre hits you with a giant spiked club!!
You die...

#.# #..............
#.# #...<..........
#.# #..............
#.#####..............
#....................
#......[.............
#...............)....
#....................
#...@................
#..O.................
#....................
#....................
#....................
#....................
#.#####..............
#.# #..............
#.# #..#######.....


You could see a two-headed ogre.

Vanquished Creatures
  Erica (D:9)
  A two-headed ogre (D:9)
  An ugly thing (D:8)
  The ghost of marcb3 the Destroyer, a novice DEFE of Vehumet (D:6)
  Joseph (D:9)
  A gargoyle (D:10)
  The ghost of blobert the Cudgeler, a novice GrFi (D:5)
  2 hornets
  2 trolls
  A hippogriff (D:9)
  Sigmund (D:5)
  A wyvern (D:6)
  Grum (D:9)
  A hungry ghost (D:9)
  2 steam dragons (D:9)
  Menkaure (D:4)
  Edmund (D:4)
  3 orc warriors
  An ice beast (D:8)
  2 sky beasts
  A black bear (D:6)
  4 phantoms
  An eye of draining (D:9)
  3 ogres
  2 centaurs
  3 wolves (D:9)
  A crocodile (Sewer)
  The ghost of Potronius the Magician, an amateur DEFE (D:3)
  4 bullfrogs
  A water moccasin zombie (D:7)
  A scorpion (D:6)
  A howler monkey (D:6)
  4 crimson imps
  A bullfrog zombie (D:8)
  2 quasits (D:5)
  An orc priest (D:8)
  A jelly (D:6)
  3 hounds
  6 orc wizards
  2 bullfrog skeletons (D:4)
  4 iguanas
  6 worker ants
  2 hound zombies (D:6)
  A howler monkey skeleton (D:6)
  3 worker ant zombies
  Robin (D:2)
  9 gnolls
  13 adders
  A river rat (D:5)
  An ooze (D:3)
  4 adder zombies
  4 adder skeletons
  5 worms
  4 dart slugs
  3 leopard geckos
  14 orcs
  5 ball pythons
  9 bats
  5 giant cockroaches
  23 goblins
  17 hobgoblins
  4 jackals
  15 kobolds
  3 quokkas
  12 frilled lizards
  A giant cockroach zombie (D:3)
  3 leopard gecko zombies
  2 quokka skeletons
  8 rats
251 creatures vanquished.

Vanquished Creatures (collateral kills)
  A troll (D:9)
  A hippogriff (D:9)
  An iguana (D:9)
  An adder (D:9)
4 creatures vanquished.

Grand Total: 255 creatures vanquished

Notes
Turn   | Place    | Note
-------+----------+-------------------------------------------
     0 | D:1      | Firecrotchwizard the Merfolk Berserker began the quest for the Orb.
     0 | D:1      | Reached XP level 1. HP: 18/18 MP: 1/1
   219 | D:1      | Reached XP level 2. HP: 24/24 MP: 2/2
   257 | D:1      | Reached skill level 3 in Dodging
   381 | D:1      | Reached skill level 5 in Polearms
   439 | D:1      | Reached XP level 3. HP: 28/29 MP: 3/3
   610 | D:1      | Reached ** piety under Trog
   822 | D:2      | Noticed Robin
   864 | D:2      | Killed Robin
   864 | D:2      | Reached XP level 4. HP: 36/37 MP: 4/4
   951 | D:2      | Reached skill level 2 in Armour
  1182 | D:2      | Reached *** piety under Trog
  1194 | D:2      | Found a shadowy altar of Dithmenos.
  1375 | D:2      | Reached skill level 4 in Fighting
  1375 | D:2      | Reached skill level 6 in Polearms
  1508 | D:2      | Reached XP level 5. HP: 42/42 MP: 5/5
  1681 | D:3      | Noticed Potronius's ghost (amateur DEFE)
  1692 | D:3      | Killed Potronius's ghost
  1692 | D:3      | Reached skill level 4 in Dodging
  1698 | D:3      | Reached XP level 6. HP: 42/49 MP: 6/6
  1758 | D:3      | Reached skill level 7 in Polearms
  2301 | D:3      | Found a burning altar of Makhleb.
  2320 | D:3      | Found a glowing silver altar of Zin.
  2320 | D:3      | Noticed an angel
  2321 | D:3      | Noticed a green death
  2857 | D:4      | Noticed Menkaure
  2874 | D:4      | Killed Menkaure
  2874 | D:4      | Reached XP level 7. HP: 26/55 MP: 7/7
  2940 | D:4      | Reached skill level 8 in Polearms
  2940 | D:4      | Reached skill level 5 in Dodging
  3032 | D:4      | Reached skill level 5 in Fighting
  3043 | D:4      | Reached skill level 3 in Armour
  3300 | D:4      | Reached **** piety under Trog
  3306 | D:4      | Noticed Edmund
  3346 | D:4      | Killed Edmund
  3346 | D:4      | Reached skill level 9 in Polearms
  3346 | D:4      | Reached XP level 8. HP: 47/63 MP: 8/8
  3387 | D:4      | Found a glowing golden altar of the Shining One.
  3656 | D:5      | Entered Level 5 of the Dungeon
  3688 | D:5      | Noticed Sigmund
  3702 | D:5      | Killed Sigmund
  3702 | D:5      | Reached skill level 6 in Dodging
  3718 | D:5      | Noticed blobert's ghost (novice GrFi)
  3746 | D:5      | Killed blobert's ghost
  3746 | D:5      | Reached skill level 6 in Fighting
  3746 | D:5      | Reached skill level 10 in Polearms
  4228 | D:5      | Found a glowing drain.
  4250 | Sewer    | Entered a sewer
  4491 | D:5      | Found a white marble altar of Elyvilon.
  4546 | D:5      | Found a basalt altar of Yredelemnul.
  4711 | D:6      | Reached skill level 4 in Armour
  4711 | D:6      | Reached XP level 9. HP: 70/70 MP: 9/9
  4747 | D:6      | Noticed marcb3's ghost (novice DEFE)
  4855 | D:6      | Reached skill level 7 in Dodging
  4876 | D:6      | Reached skill level 1 in Shields
  4929 | D:6      | Reached skill level 11 in Polearms
  5069 | D:6      | Got an ichor-stained scale mail
  5080 | D:6      | Identified the +4 scale mail of Dyspraxia {-Cast rF+ MR+ Dex+2} (You found it on level 6 of the Dungeon)
  5243 | D:6      | Killed marcb3's ghost
  5243 | D:6      | Reached skill level 2 in Shields
  5268 | D:6      | HP: 10/71 [orc warrior/halberd (14)]
  5291 | D:6      | Reached skill level 3 in Shields
  5305 | D:6      | Reached skill level 7 in Fighting
  5361 | D:6      | Got a dazzling quarterstaff
  5417 | D:6      | Found a staircase to the Ecumenical Temple.
  5602 | D:7      | Got a shimmering spear
  5603 | D:7      | Identified the cursed +1 spear of Meoxaps {pierce, rF+ Str+4 Dex+4} (You found it on level 7 of the Dungeon)
  5680 | D:7      | Reached skill level 12 in Polearms
  5790 | D:7      | Reached skill level 8 in Dodging
  6047 | D:7      | Reached ***** piety under Trog
  6090 | D:7      | Reached skill level 4 in Shields
  6090 | D:7      | Reached XP level 10. HP: 79/79 MP: 10/10
  6645 | D:8      | Noticed a green ugly thing
  6672 | D:8      | Killed a green ugly thing
  6718 | D:8      | Found an opulent altar of Gozag.
  6761 | D:8      | Reached skill level 5 in Armour
  6897 | D:8      | Reached skill level 13 in Polearms
  6901 | D:8      | Got a distressingly furry robe
  7315 | D:9      | Reached skill level 9 in Dodging
  7318 | D:9      | Found a hazy altar of Hepliaklqana.
  7319 | D:9      | Found a shimmering altar of Xom.
  7320 | D:9      | Noticed a spectral ugly thing
  7342 | D:9      | Noticed Grum
  7360 | D:9      | Reached skill level 8 in Fighting
  7370 | D:9      | Killed Grum
  7390 | D:9      | HP: 20/80 [poisoned by a hornet]
  7397 | D:9      | HP: 17/80 [poisoned by a hornet]
  7403 | D:9      | HP: 12/80 [wolf[Grum] (5)]
  7673 | D:9      | Received a gift from Trog
  7700 | D:9      | Found a deep blue altar of Sif Muna.
  7716 | D:9      | Found a sparkling altar of Nemelex Xobeh.
  7882 | D:9      | Noticed Joseph
  7903 | D:9      | Killed Joseph
  7903 | D:9      | Reached skill level 14 in Polearms
  7903 | D:9      | Reached XP level 11. HP: 67/87 MP: 11/11
  7926 | D:9      | Noticed a two-headed ogre
  7935 | D:9      | Killed a two-headed ogre
  8251 | D:9      | Noticed Erica
  8276 | D:9      | Killed Erica
  8276 | D:9      | Reached skill level 9 in Fighting
  8276 | D:9      | Reached skill level 10 in Dodging
  8328 | D:9      | Reached skill level 6 in Armour
  8445 | D:10     | Entered Level 10 of the Dungeon
  9023 | D:10     | Noticed a two-headed ogre
  9049 | D:9      | HP: 16/89 [two-headed ogre/giant spiked club (13)]
  9054 | D:9      | Slain by a two-headed ogre

Vault maps used:
D:1:      shiori_arrival_oz, minmay_tall_x
D:2:      grunt_ministairs_14, lemuel_statue_altar, uniq_robin
D:3:      grunt_temple_overflow_order_and_chaos_2, serial_undead,
          serial_undead_d, serial_undead_a, serial_undead_a, serial_undead_b,
          serial_undead_c, serial_undead_f, hangedman_decor_points
D:4:      lemuel_coloured_pillars_altar, uniq_edmund, uniq_menkaure
D:5:      kennysheep_ying_yang, portal_sewer_entry_a, first_ration, uniq_sigmund
D:6:      wad_guarded_room, minmay_temple_entry_poolview
D:7:      corexii_shantytown, kennysheep_boxes
D:8:      overflow_temple_1_default
D:9:      cheibrodos_steamvent, regret_index_temple_of_mockery, minitemple,
          uniq_joseph, uniq_erica, uniq_grum
D:10:     blue_anna_alchemist, grunt_gozag_statues
Sewer:    sewer_the_crocodile

Skill      XL: |  1  2  3  4  5  6  7  8  9 10 11 |
---------------+----------------------------------+-----
Dodging        | 3 4 5 6 8 9 10 | 10.5
Polearms       | 5 6 7 9 10 12 14 | 14.1
Armour         | 2 3 4 5 6 |  6.1
Fighting       | 4 5 6 7 8 9 |  9.2
Shields        | 4 |  4.0

Action                   |  1- 3 |  4- 6 |  7- 9 | 10-12 || total
-------------------------+-------+-------+-------+-------++-------
Melee: Spear             |   114 |   241 |   327 |   493 ||  1175
       Halberd           |       |    11 |       |       ||    11
       Trident           |       |       |   232 |       ||   232
Throw: Tomahawk          |       |       |       |    23 ||    23
Invok: Trog's Hand       |       |     1 |     4 |     3 ||     8
       Berserk           |       |       |     2 |       ||     2
       Burn Spellbooks   |       |       |     1 |     1 ||     2
       Brothers in Arms  |       |       |       |     2 ||     2
Evoke: Wand              |       |       |     1 |       ||     1
  Use: Scroll            |     4 |     5 |     7 |     8 ||    24
       Potion            |       |       |     2 |     1 ||     3
 Stab: Sleeping          |     2 |       |       |       ||     2
       Paralysed         |       |       |     6 |       ||     6
  Eat: Chunk             |       |     6 |    12 |     9 ||    27
       Ration            |       |       |     1 |     1 ||     2
Armor: Chain mail        |    14 |    63 |       |       ||    77
       Ring mail         |       |    12 |    83 |       ||    95
       Scale mail        |       |       |    35 |    98 ||   133
Dodge: Dodged            |    33 |    79 |   233 |   248 ||   593
Block: Buckler           |       |       |    26 |    97 ||   123

Table legend:
 A = Spawn XP
 B = Non-spawn XP
 C = Spawn XP percentage of total XP
 D = Spawn monster count
 E = Non-spawn monster count
 F = Spawn count percentage of total count
 G = Total turns spent on level
                    A         B        C        D         E        F      G
               +---------+---------+-------+---------+---------+-------+---------
         Total |       0 |   12302 |   0.0 |       0 |     255 |   0.0 |  9054
               +---------+---------+-------+---------+---------+-------+---------
           D:1 |       0 |      51 |   0.0 |       0 |      25 |   0.0 |   769
           D:2 |       0 |     115 |   0.0 |       0 |      45 |   0.0 |   820
           D:3 |       0 |     252 |   0.0 |       0 |      27 |   0.0 |   901
           D:4 |       0 |    1002 |   0.0 |       0 |      16 |   0.0 |  1166
           D:5 |       0 |     722 |   0.0 |       0 |      13 |   0.0 |   789
           D:6 |       0 |    1878 |   0.0 |       0 |      27 |   0.0 |   953
           D:7 |       0 |     580 |   0.0 |       0 |      42 |   0.0 |   921
           D:8 |       0 |    2134 |   0.0 |       0 |      24 |   0.0 |   810
           D:9 |       0 |    5047 |   0.0 |       0 |      29 |   0.0 |  1693
          D:10 |       0 |     406 |   0.0 |       0 |       1 |   0.0 |    79
         Sewer |       0 |     115 |   0.0 |       0 |       6 |   0.0 |   153
               +---------+---------+-------+---------+---------+-------+---------

Vault maps used:
D:1:      shiori_arrival_oz, minmay_tall_x
D:2:      grunt_ministairs_14, lemuel_statue_altar, uniq_robin
D:3:      grunt_temple_overflow_order_and_chaos_2, serial_undead,
          serial_undead_d, serial_undead_a, serial_undead_a, serial_undead_b,
          serial_undead_c, serial_undead_f, hangedman_decor_points
D:4:      lemuel_coloured_pillars_altar, uniq_edmund, uniq_menkaure
D:5:      kennysheep_ying_yang, portal_sewer_entry_a, first_ration, uniq_sigmund
D:6:      wad_guarded_room, minmay_temple_entry_poolview
D:7:      corexii_shantytown, kennysheep_boxes
D:8:      overflow_temple_1_default
D:9:      cheibrodos_steamvent, regret_index_temple_of_mockery, minitemple,
          uniq_joseph, uniq_erica, uniq_grum
D:10:     blue_anna_alchemist, grunt_gozag_statues
Sewer:    sewer_the_crocodile

Table legend:
 A = Turns spent in this place as a percentage of turns spent in the entire game.
 B = Non-inter-level travel turns spent in this place as a percentage of non-inter-level travel turns spent in the entire game.
 C = Inter-level travel turns spent in this place as a percentage of turns spent in this place.
 D = Turns resting spent in this place as a percentage of non-inter-level travel turns spent in this place.
 E = Turns spent auto-exploring this place as a percentage of non-inter-level travel turns spent in this place.
 F = Non-inter-level travel turns spent in this place divided by the number of levels of this place that you've seen.
                   A       B       C       D       E      F
               +-------+-------+-------+-------+-------+----------------------
         Total | 100.0 | 100.0 |   3.7 |  21.4 |  53.0 | 792.3
       Dungeon |  98.3 |  98.2 |   3.8 |  21.4 |  53.3 | 856.2
         Sewer |   1.7 |   1.8 |   0.0 |  18.3 |  38.6 | 153.0
               +-------+-------+-------+-------+-------+----------------------

Table legend:
 A = Kills in this place as a percentage of kills in entire the game.
 B = Kills by you in this place as a percentage of kills by you in the entire game.
 C = Kills by friends in this place as a percentage of kills by friends in the entire game.
 D = Other kills in this place as a percentage of other kills in the entire game.
 E = Experience gained in this place as a percentage of experience gained in the entire game.
 F = Experience gained in this place divided by the number of levels of this place that you have seen.
                   A       B       C       D       E      F
               +-------+-------+-------+-------+-------+----------------------
         Total | 100.0 | 100.0 | 100.0 |   N/A | 100.0 | 1118.4
       Dungeon |  97.6 |  97.6 | 100.0 |   N/A |  99.1 | 1218.7
         Sewer |   2.4 |   2.4 |   0.0 |   N/A |   0.9 | 115.0
               +-------+-------+-------+-------+-------+----------------------
